 Dungeon Crawl Stone Soup version 0.29.1-15-g9cfb28693d (webtiles) character file.

Game seed: 5911451425592232981

34246 protoss039 the Thaumaturge (level 13, -1/101 HPs)
             Began as a Demonspawn Earth Elementalist on Mar 1, 2023.
             Was an Elder of Vehumet.
             Slain by a naga warrior
             ... wielding a +0 scimitar
              (26 damage)
             ... on level 14 of the Dungeon.
             The game lasted 00:28:08 (16494 turns).

protoss039 the Thaumaturge (DsEE)                  Turns: 16494, Time: 00:28:09

Health: -1/101     AC: 18    Str:  6    XL:     13   Next: 41%
Magic:  17/27      EV: 10    Int: 32    God:    Vehumet [****..]
Gold:   944        SH: 10    Dex: 14    Spells: 13/32 levels left

rFire   . . .      SeeInvis .   S - +1 short sword of Upheaval {speed, Str-4 Int+6}
rCold   . . .      Faith    .   K - +0 kite shield
rNeg    . . .      Spirit   .   k - +0 acid dragon scales
rPois   .          Reflect  .   (no helmet)
rElec   .          Harm     .   n - +0 cloak
rCorr   +          Rampage  .   v - +1 pair of gloves
Will    .....                   (no boots)
Stlth   ++........              Q - amulet of the acrobat
HPRegen 0.26/turn               i - +6 ring of intelligence
MPRegen 0.20/turn               h - +4 ring of protection

@: no status effects
A: icy blue scales 2, powered by death 2, spiny 2, demonic touch 1
a: Renounce Religion


You were on level 14 of the Dungeon.
You worshipped Vehumet.
Vehumet was greatly pleased with you.
You visited 2 branches of the dungeon, and saw 15 of its levels.

You collected 1052 gold pieces.
You spent 108 gold pieces at shops.

Inventory:

Hand Weapons
 A - a +0 sling of freezing
 J - a +4 vorpal spear
 S - the +1 short sword of Upheaval (weapon) {speed, Str-4 Int+6}
   (You found it on level 12 of the Dungeon)

   Attacks with this weapon are significantly faster.
   Str:       It affects your strength (-4).
   Int:       It affects your intelligence (+6).
Missiles
 a - 5 throwing nets
 z - 10 javelins
 B - a curare-tipped dart
Armour
 k - +0 acid dragon scales (worn)
 n - a +0 cloak (worn)
 v - a +1 pair of gloves (worn)
 D - +0 steam dragon scales
 K - a +0 kite shield (worn)
Magical Staves
 e - a staff of fire
Jewellery
 h - a +4 ring of protection (right hand)
 i - a +6 ring of intelligence (left hand)
 r - a ring of see invisible
 w - a ring of fire
 E - a ring of positive energy
 Q - an amulet of the acrobat (around neck)
 T - a +6 ring of dexterity
 U - a +4 ring of evasion
Wands
 g - a wand of flame (87)
 l - a wand of paralysis (9)
 W - a wand of mindburst (7)
Scrolls
 o - a scroll of identify
 q - 2 scrolls of torment
 t - a scroll of enchant armour
 u - 3 scrolls of immolation
 x - a scroll of summoning {unknown}
 y - a scroll of noise {unknown}
 C - a scroll of fear {unknown}
 G - 2 scrolls of butterflies
 I - a scroll of blinking {unknown}
 L - a scroll of magic mapping {unknown}
 M - a scroll of poison {unknown}
 O - 4 scrolls of amnesia {unknown}
 R - a scroll of teleportation
 V - a scroll of silence {unknown}
Potions
 b - 2 potions of magic
 c - 2 potions of cancellation
 d - 3 potions of ambrosia
 f - 4 potions of mutation
 j - 6 potions of heal wounds
 m - 3 potions of curing
 p - 3 potions of flight
 s - 4 potions of lignification
 F - 3 potions of resistance
 H - 3 potions of might
 N - a potion of berserk rage
Miscellaneous
 P - a box of beasts


   Skills:
 + Level 9.6 Fighting
 + Level 7.5 Armour
 - Level 3.0 Dodging
 - Level 3.0 Stealth
 * Level 6.7 Shields
 * Level 10.1 Spellcasting
 + Level 9.0 Conjurations
 + Level 4.4 Necromancy
 - Level 1.0 Transmutations
 - Level 3.0 Air Magic
 + Level 9.1 Earth Magic
 - Level 3.0 Poison Magic


You had 13 spell levels left.
You knew the following spells:

 Your Spells              Type           Power      Damage    Failure   Level
a - Sandblast             Erth           100%       2d20      1%          1
b - Passwall              Tmut/Erth      40%        N/A       2%          2
c - Stone Arrow           Conj/Erth      100%       3d13      1%          3
d - Mephitic Cloud        Conj/Pois/Air  48%        N/A       1%          3
h - Freezing Cloud        Conj/Ice/Air   20%        6-21      19%         5
i - Borgnjor's Vile Clut  Necr/Erth      28%        N/A       24%         5

Your spell library contained the following spells:

 Spells                   Type           Power      Damage    Failure   Level
 Yara's Violent Unravell  Hex/Tmut       9%         3d6       58%         5
 Conjure Flame            Conj/Fire      45%        6-21      1%          3
 Freeze                   Ice            64%        1d8       4%          1
 Hailstorm                Conj/Ice       45%        3d10      6%          4
 Sticky Flame             Conj/Fire      45%        2d6       6%          4
 Ignite Poison            Fire/Tmut/Pois 24%        N/A       7%          3
 Frozen Ramparts          Ice            32%        1d5       11%         3
 Fireball                 Conj/Fire      22%        3d10      16%         5
 Petrify                  Tmut/Erth      48%        N/A       17%         4
 Blink                    Tloc           32%        N/A       22%         2
 Lesser Beckoning         Tloc           16%        N/A       38%         3
 Starburst                Conj/Fire      22%        6d8       61%         6
 Alistair's Intoxication  Tmut/Pois      19%        N/A       86%         5
 Eringya's Noxious Bog    Tmut/Pois      14%        N/A       90%         6
 Manifold Assault         Tloc           16%        N/A       98%         5
 Summon Forest            Summ/Tloc      8%         N/A       98%         5
 Summon Mana Viper        Hex/Summ       16%        N/A       98%         5
 Summon Cactus Giant      Summ           8%         N/A       100%        6
 Storm Form               Tmut/Air       14%        N/A       100%        7
 Ignition                 Fire           8%         3d5       100%        8


Dungeon Overview and Level Annotations

Branches:
Dungeon (14/15) Zot: 26563  Temple (1/1) D:5 Zot: 5932    Lair (0/5) D:8
    Orc (0/2) D:12         Vaults (0/5) D:13

Altars:
Ashenzari
Cheibriados
Dithmenos
Fedhas
Gozag
Hepliaklqana
Kikubaaqudgha
Makhleb
Nemelex Xobeh
Okawaru
Qazlal
Ru
Sif Muna
Trog
Uskayaw
Vehumet
Wu Jian
Xom
Yredelemnul

Shops:
D:2 !   D:11 =   D:14 *

Annotations:
D:8 Maurice


Innate Abilities, Weirdness & Mutations

You are mostly covered in icy blue scales. (AC +3)
You regenerate health from kills.
You are mostly covered in sharp spines.
Your touch may inflict minor irresistible damage on your foes.


Message History

The naga warrior escapes!
The shock serpent bites you but does no damage.
You hit the shock serpent but do no damage.
The shock serpent is heavily wounded.
The zombie hands constrict the shock serpent!
The zombie hands constrict the naga warrior!
The shock serpent's electric aura discharges, shocking you!
The shock serpent is struck by your spines.
The shock serpent bites you! The shock serpent shocks you!
The shock serpent's electric aura discharges, shocking you!
The naga warrior struggles to escape constriction.
Unknown command.
Casting: Borgnjor's Vile Clutch (dangerous; 24% risk of failure)
Confirm with . or Enter, or press ? or * to list all spells.
Aiming: Stone Arrow (safe; 1% risk of failure)
Press: ? - help, Shift-Dir - straight line, f/p - naga warrior
Aim: a naga warrior, wielding a +0 scimitar (lightly wounded, strong, 78% to hit)
The stone arrow hits the naga warrior!!
The naga warrior is heavily wounded.
The zombie hands constrict the shock serpent!
The zombie hands constrict the naga warrior!
The zombie hands release their grip on the shock serpent.
The shock serpent's electric aura discharges, shocking you!
* * * LOW HITPOINT WARNING * * *
The shock serpent bites you but does no damage.
The naga warrior spits poison at you. You block the splash of poison.
Unknown command.
Casting: Stone Arrow (safe; 1% risk of failure)
Confirm with . or Enter, or press ? or * to list all spells.
Aiming: Stone Arrow (safe; 1% risk of failure)
Press: ? - help, Shift-Dir - straight line, f/p - naga warrior
Aim: a naga warrior, wielding a +0 scimitar (heavily wounded, strong, catching its breath, 78% to hit)
The stone arrow misses the naga warrior.
The zombie hands constrict the naga warrior!
The shock serpent bites you but does no damage.
The naga warrior struggles to escape constriction.
The naga warrior is struck by your spines.
The naga warrior hits you with a +0 scimitar!!
You die...

#.#.###
###........#####
#.....# #...^....#
###'### ###'######
#...# ##.# #.### #..#
#.# #.## #.# ########
#####'#### #.N#...#
#........# #@S'N∩.+
### #...!....#
#..#...# #..
#.....>..###..#####.
>#..
#........'.#.....>...
....
#........#...........
#..
#........###.........
#.. #........#
#......... #..
#........# ##########
#.. ########## ###


You could see 2 naga warriors and a shock serpent.

Vanquished Creatures
  Kirke (D:12)
  3 vault guards (D:13)
  3 hydras
  9 two-headed ogres
  3 boulder beetles (D:13)
  3 centaur warriors
  A flayed ghost (D:13)
  A deep elf pyromancer (D:14)
  3 cyclopes
  4 ugly things
  A manticore (D:13)
  3 gargoyles
  3 unseen horrors
  A kobold demonologist (D:10)
  2 freezing wraiths (D:13)
  A merfolk (D:12)
  4 trolls
  A tarantella (shapeshifter) (D:13)
  A hornet (shapeshifter) (D:13)
  Prince Ribbit (D:5)
  4 slime creatures
  18 yaks
  4 hogs (D:12)
  3 shadows (D:11)
  2 vampires
  A basilisk (shapeshifter) (D:13)
  A basilisk (D:12)
  6 humans (D:13)
  5 wraiths
  2 steam dragons
  8 vampire mosquitoes
  An acid dragon (D:8)
  3 water moccasins
  3 orc warriors
  A sky beast (D:6)
  2 ice beasts
  A black bear (D:6)
  3 centaurs
  4 ogres
  A boggart (D:13)
  2 phantoms
  Blork the orc (D:5)
  A gnoll sergeant (D:9)
  2 kobold brigands (D:6)
  4 bullfrogs
  4 scorpions
  9 wights (D:8)
  2 killer bees (D:8)
  13 howler monkeys
  4 hounds
  5 orc priests
  5 gnoll boudas
  2 jellies (D:8)
  3 iguanas
  7 orc wizards
  23 gnolls
  13 adders
  A shadow imp (D:8)
  A white imp (D:8)
  A worm (D:3)
  2 dart slugs
  31 orcs
  2 ball pythons (D:1)
  A giant cockroach (D:4)
  6 goblins
  2 hobgoblins
  2 jackals (D:3)
  2 quokkas (D:5)
  6 bats
  A frilled lizard (D:3)
  10 kobolds
  6 rats
  A spectral orc (D:5)
297 creatures vanquished.

Vanquished Creatures (others)
  A vault guard (D:13)
  2 humans (D:13)
  A sky beast (D:8)
4 creatures vanquished.

Grand Total: 301 creatures vanquished

Notes
Turn   | Place    | Note
-------+----------+-------------------------------------------
     0 | D:1      | protoss039 the Demonspawn Earth Elementalist began the
                  | quest for the Orb.
     0 | D:1      | Reached XP level 1. HP: 13/13 MP: 3/3
   220 | D:1      | Gained mutation: You are partially covered in sharp spines.
                  | [demonic ancestry]
   220 | D:1      | Reached XP level 2. HP: 20/20 MP: 3/5
   296 | D:1      | Reached skill level 1 in Fighting
   545 | D:1      | Learned a level 2 spell: Passwall
   742 | D:2      | Reached XP level 3. HP: 26/26 MP: 6/6
   950 | D:2      | Found Qituusui's Distillery.
   957 | D:2      | Bought a potion of heal wounds for 60 gold pieces
   957 | D:2      | Bought a potion of curing for 36 gold pieces
   957 | D:2      | Bought a potion of degeneration for 12 gold pieces
  1092 | D:3      | Gained mutation: You are partially covered in icy blue
                  | scales. (AC +2) [demonic ancestry]
  1092 | D:3      | Reached XP level 4. HP: 32/33 MP: 4/8
  1869 | D:3      | Found a faded altar of an unknown god.
  2046 | D:3      | HP: 1/33 [orc priest/divine providence (11)]
  2048 | D:3      | Reached skill level 3 in Spellcasting
  2356 | D:3      | Found a snail-covered altar of Cheibriados.
  2362 | D:3      | Found an ancient bone altar of Kikubaaqudgha.
  2536 | D:4      | Reached XP level 5. HP: 39/39 MP: 9/9
  2559 | D:4      | Learned a level 3 spell: Stone Arrow
  2814 | D:4      | Noticed a phantom
  2825 | D:4      | Killed a phantom
  2826 | D:4      | Reached skill level 1 in Conjurations
  3065 | D:4      | Gained mutation: Your touch may inflict minor irresistible
                  | damage on your foes. [demonic ancestry]
  3065 | D:4      | Reached XP level 6. HP: 47/47 MP: 11/11
  3292 | D:5      | Entered Level 5 of the Dungeon
  3657 | D:5      | Noticed an ice beast
  3667 | D:5      | Killed an ice beast
  3668 | D:5      | Reached skill level 4 in Spellcasting
  3668 | D:5      | Gained mutation: You regenerate a little health from kills.
                  | [demonic ancestry]
  3668 | D:5      | Reached XP level 7. HP: 40/53 MP: 8/13
  3999 | D:5      | Noticed Prince Ribbit
  4004 | D:5      | Killed Prince Ribbit
  4005 | D:5      | Reached skill level 5 in Earth Magic
  4196 | D:5      | Noticed Blork the orc
  4205 | D:5      | Killed Blork the orc
  4206 | D:5      | Gained mutation: You are mostly covered in sharp spines.
                  | [demonic ancestry]
  4206 | D:5      | Reached XP level 8. HP: 48/61 MP: 13/15
  4309 | D:5      | Found a basalt altar of Yredelemnul.
  4586 | D:5      | Reached skill level 5 in Spellcasting
  4749 | D:5      | Found a staircase to the Ecumenical Temple.
  4895 | Temple   | Entered the Ecumenical Temple
  4949 | Temple   | Became a worshipper of Vehumet
  4994 | D:5      | Learned a level 3 spell: Mephitic Cloud
  5126 | D:6      | Reached skill level 5 in Fighting
  5242 | D:6      | Reached skill level 1 in Armour
  5242 | D:6      | Reached skill level 1 in Air Magic
  5242 | D:6      | Reached skill level 1 in Poison Magic
  6159 | D:6      | Gained mutation: You are mostly covered in icy blue scales.
                  | (AC +3) [demonic ancestry]
  6159 | D:6      | Reached XP level 9. HP: 68/68 MP: 16/16
  6174 | D:6      | Reached * piety under Vehumet
  6174 | D:6      | Offered knowledge of Foxfire by Vehumet.
  6804 | D:7      | You fall into a shaft and drop 2 floors!
  7068 | D:8      | Noticed a two-headed ogre
  7068 | D:8      | Found a staircase to the Lair.
  7075 | D:8      | Killed a two-headed ogre
  7076 | D:8      | Reached skill level 5 in Conjurations
  7227 | D:7      | Found a blossoming altar of Fedhas.
  7278 | D:7      | Reached skill level 6 in Spellcasting
  7790 | D:8      | Offered knowledge of Scorch by Vehumet.
  7791 | D:8      | Gained mutation: You regenerate health from kills. [demonic
                  | ancestry]
  7791 | D:8      | Reached XP level 10. HP: 77/77 MP: 10/19
  7793 | D:8      | Reached ** piety under Vehumet
  7922 | D:8      | Found a basalt altar of Yredelemnul.
  7923 | D:8      | Found a radiant altar of Vehumet.
  8392 | D:8      | Noticed a centaur warrior
  8446 | D:8      | Noticed a gargoyle
  8448 | D:8      | Killed a gargoyle
  8448 | D:8      | Offered knowledge of Dazzling Flash by Vehumet.
  8632 | D:8      | Noticed a two-headed ogre
  8638 | D:8      | Killed a two-headed ogre
  8736 | D:8      | Noticed a cyclops
  8743 | D:8      | Killed a cyclops
  8744 | D:8      | Reached skill level 7 in Spellcasting
  8749 | D:8      | Noticed a two-headed ogre
  8755 | D:8      | Killed a two-headed ogre
  8836 | D:8      | Noticed Maurice
  9254 | D:8      | Noticed a gargoyle
  9261 | D:8      | Killed a gargoyle
  9421 | D:9      | Reached XP level 11. HP: 85/86 MP: 18/22
  9431 | D:9      | Reached *** piety under Vehumet
  9435 | D:9      | Reached skill level 1 in Shields
  9754 | D:10     | Entered Level 10 of the Dungeon
  9797 | D:10     | Noticed a two-headed ogre
  9803 | D:10     | Killed a two-headed ogre
 10129 | D:10     | Noticed a two-headed ogre
 10135 | D:10     | Killed a two-headed ogre
 10297 | D:10     | Offered knowledge of Flame Wave by Vehumet.
 10298 | D:10     | Reached skill level 8 in Spellcasting
 10379 | D:10     | Noticed a two-headed ogre
 10386 | D:10     | Killed a two-headed ogre
 11362 | D:11     | Found Neet's Jewellery Shop.
 11371 | D:11     | Reached **** piety under Vehumet
 11772 | D:11     | Reached skill level 5 in Armour
 12060 | D:11     | Learned a level 5 spell: Borgnjor's Vile Clutch
 12066 | D:11     | Learned a level 5 spell: Freezing Cloud
 12167 | D:12     | Offered knowledge of Yara's Violent Unravelling by Vehumet.
 12167 | D:12     | Noticed a centaur warrior
 12168 | D:12     | Reached skill level 1 in Transmutations
 12180 | D:12     | Killed a centaur warrior
 12203 | D:11     | Reached skill level 1 in Necromancy
 12203 | D:11     | Reached XP level 12. HP: 28/94 MP: 10/24
 12883 | D:12     | Identified the +1 short sword of Upheaval {speed, Str-4
                  | Int+6}
 12886 | D:12     | Noticed Kirke
 12895 | D:12     | Killed Kirke
 12896 | D:12     | Reached skill level 9 in Spellcasting
 13037 | D:12     | Found a staircase to the Orcish Mines.
 13229 | D:12     | Noticed a five-headed hydra
 13235 | D:12     | Killed a five-headed hydra
 13236 | D:12     | Reached skill level 5 in Shields
 13715 | D:13     | Found a stormy altar of Qazlal.
 13791 | D:13     | Killed a vault guard
 13829 | D:13     | Noticed a two-headed ogre
 13834 | D:13     | Killed a two-headed ogre
 13932 | D:13     | Noticed a centaur warrior
 13939 | D:13     | Killed a centaur warrior
 14088 | D:13     | Noticed a centaur warrior
 14094 | D:13     | Killed a centaur warrior
 14452 | D:13     | Noticed a two-headed ogre
 14458 | D:13     | Killed a two-headed ogre
 14540 | D:13     | Noticed a boulder beetle
 14568 | D:13     | Killed a boulder beetle
 14893 | D:13     | Noticed a boulder beetle
 14895 | D:13     | Noticed a boulder beetle
 14907 | D:13     | Killed a boulder beetle
 15072 | D:13     | Killed a boulder beetle
 15073 | D:13     | Reached XP level 13. HP: 101/101 MP: 9/26
 15633 | D:13     | Found a gate to the Vaults.
 15913 | D:13     | Reached skill level 10 in Spellcasting
 16487 | D:14     | Found Mudeoxtu's Serpentskin Sales.
 16494 | D:14     | Slain by a naga warrior

Illustrated notes

Levels and vault maps discovered:
D:1:      scummos_arrival_simple_fountains, layout_rooms
D:2:      layout_rooms, serial_shops, shop, minmay_misc_feat_plants
D:3:      layout_loops_corners, minmay_overflow_temple_star_quad,
          chequers_ecumenical_altar_grove
D:4:      layout_basic, chequers_serial_rivers_micro_e
D:5:      layout_basic, yredelemnul_forgotten_temple_becter, temple_hall,
          uniq_prince_ribbit1, uniq_blork_the_orc
D:6:      layout_basic, kennysheep_generic_room_5
D:7:      layout_rooms, grunt_temple_overflow_open, serial_aquarium,
          aquarium_bridge_square [aquarium_subvault_balcony,
          aquarium_subvault_window, aquarium_subvault_bridge,
          aquarium_subvault_bridge], aquarium_bridge_long_separate
          [aquarium_subvault_window, aquarium_subvault_bridge,
          aquarium_subvault_bridge, aquarium_subvault_bridge,
          aquarium_subvault_balcony, aquarium_subvault_bridge],
          aquarium_window_fake, aquarium_window_fake, aquarium_window_corner,
          aquarium_view_4, aquarium_pool_five
D:8:      minmay_the_grid_octo_tiled_octocenter [minmay_the_grid_octo_horde,
          minmay_the_grid_octo_fat_diamond, minmay_the_grid_octo_odd_swirl,
          minmay_the_grid_octo_shrine, minmay_the_grid_octo_prize_single_spiral,
          minmay_the_grid_square_5x5_tie, minmay_the_grid_square_5x5_one_wall,
          minmay_the_grid_square_5x5_three_walls, minmay_the_grid_square_5x5_z],
          layout_loops_ring, lair_entry_dummy, uniq_maurice
D:9:      layout_roguey
D:10:     layout_roguey
D:11:     layout_stronghold, serial_shops, kennysheep_mini_moat,
          nicolae_elyvilon_peaceful_grove
D:12:     layout_rooms, orc_0_dummy, minivault_1, hangedman_fish_farm,
          uniq_kirke
D:13:     evilmike_horseshoe, layout_small_grid, ximxim_vaults_locker_room,
          nicolae_qazlal_style_of_elements
D:14:     layout_roguey, chequers_arboretum, guppyfry_shop_venom
Temple:   nicolae_temple_x_marks_the_god

Skill      XL: |  1  2  3  4  5  6  7  8  9 10 11 12 13 |
---------------+----------------------------------------+-----
Fighting       | 1 2 3 4 5 6 8 9 |  9.6
Earth Magic    | 3 4 5 6 7 8 9 |  9.1
Spellcasting   | 3 4 5 6 7 8 9 10 | 10.1
Conjurations   | 1 2 3 4 5 7 8 9 |  9.0
Dodging        | 2 3 |  3.0
Stealth        | 2 3 |  3.0
Armour         | 2 3 5 6 7 |  7.5
Air Magic      | 2 3 |  3.0
Poison Magic   | 2 3 |  3.0
Shields        | 4 6 |  6.7
Transmutations | 1 |  1.0
Necromancy     | 1 3 4 |  4.4

Action                   |  1- 3 |  4- 6 |  7- 9 | 10-12 | 13-15 || total
-------------------------+-------+-------+-------+-------+-------++-------
Melee: Dagger            |    18 |     2 |       |       |       ||    20
       Spear             |       |    35 |       |   127 |    40 ||   202
       Flail             |       |    32 |   107 |    32 |       ||   171
       Touch             |       |     2 |    15 |     6 |       ||    23
       Punch             |       |       |     3 |     2 |       ||     5
       Short sword       |       |       |       |       |     2 ||     2
 Cast: Sandblast         |    24 |    31 |    37 |    29 |    22 ||   143
       Stone Arrow       |       |       |    35 |   212 |    46 ||   293
       Mephitic Cloud    |       |       |       |    27 |     7 ||    34
       Freezing Cloud    |       |       |       |     1 |       ||     1
       Borgnjor's Vile C |       |       |       |       |     1 ||     1
Evoke: Wand              |       |       |     2 |       |       ||     2
  Use: Scroll            |       |     5 |     5 |     9 |     1 ||    20
       Potion            |       |       |       |     3 |       ||     3
 Stab: Sleeping          |     1 |     3 |     2 |       |       ||     6
       Confused          |       |       |       |     9 |       ||     9
Armor: Robe              |     1 |       |       |       |       ||     1
       Leather armour    |     6 |    50 |    37 |       |       ||    93
       Steam dragon scal |       |       |    25 |    27 |       ||    52
       Acid dragon scale |       |       |       |    92 |    19 ||   111
Dodge: Dodged            |    19 |    49 |    93 |   123 |    17 ||   301
Block: Kite shield       |       |       |       |    92 |    24 ||   116
